 Dungeon Crawl Stone Soup version 0.26.1-11-gd32895ea62 (webtiles) character file.

Game seed: 4341609578505104918

5912 Zeld the Destroyer (level 10, -2/81 HPs)
             Began as a White Draconian Conjurer on June 14, 2021.
             Was a Believer of Sif Muna.
             Slain by a two-headed ogre
             ... wielding a +0 giant spiked club
              (33 damage)
             ... on level 9 of the Dungeon.
             The game lasted 00:19:21 (15888 turns).

Zeld the Destroyer (White Draconian Conjurer)      Turns: 15888, Time: 00:19:22

Health: -2/81      AC: 11    Str: 10    XL:     10   Next: 53%
Magic:  11/20      EV: 13    Int: 21    God:    Sif Muna [**....]
Gold:   526        SH:  0    Dex: 10    Spells: 11/22 levels left

rFire    . . .     SeeInvis .   (no weapon)
rCold    + . .     Faith    .   (no shield)
rNeg     . . .     Spirit   .   (armour unavailable)
rPois    .         Reflect  .   u - +2 hat
rElec    .         Harm     .   k - +0 cloak {Will+}
rCorr    .         Rampage  .   s - +0 pair of gloves
Will     +....                  (no boots)
Stlth    +++.......             (no amulet)
HPRegen  0.23/turn              (no ring)
MPRegen  0.17/turn              (no ring)

@: no status effects
A: breathe frost, unfitting armour, cold resistance 1, cold-blooded, AC +7
a: Breathe Frost, Renounce Religion, Channel Magic


You were on level 9 of the Dungeon.
You worshipped Sif Muna.
Sif Muna was pleased with you.
You visited 2 branches of the dungeon, and saw 10 of its levels.
You also visited: Sewer.

You collected 526 gold pieces.

Inventory:

Armour
 k - a +0 cloak of willpower (worn)
 s - a +0 pair of gloves (worn)
 u - a +2 hat (worn)
Jewellery
 y - an uncursed ring of protection from fire
Wands
 b - a wand of enslavement (13)
 e - a wand of flame (47)
 f - a wand of digging (5)
 t - a wand of paralysis (14)
 z - a wand of iceblast (4)
 A - a wand of acid (4)
Scrolls
 a - a scroll of random uselessness {unknown}
 c - 11 scrolls of teleportation
 d - 2 scrolls of fear {unknown}
 j - 4 scrolls of remove curse
 l - a scroll of brand weapon {unknown}
 n - 2 scrolls of enchant weapon
 p - a scroll of blinking
 x - a scroll of magic mapping
Potions
 g - 4 potions of might
 h - a potion of cancellation {unknown}
 i - 2 potions of heal wounds {unknown}
 m - 3 potions of brilliance {unknown}
 o - 2 potions of invisibility {unknown}
 v - 2 potions of flight {unknown}
 w - 3 potions of magic {unknown}


   Skills:
 + Level 5.4 Fighting
 + Level 4.8 Dodging
 - Level 5.0 Stealth
 * Level 2.7 Shields
 * Level 6.9 Spellcasting
 * Level 8.2 Conjurations
 + Level 4.1 Hexes
 + Level 4.2 Translocations
 * Level 5.4 Invocations


You had 11 spell levels left.
You knew the following spells:

 Your Spells              Type           Power        Failure   Level
a - Magic Dart            Conj           100%         1%          1
b - Searing Ray           Conj           82%          1%          2
c - Fulminant Prism       Conj/Hex       16%          7%          4
d - Iskenderun's Mystic   Conj/Tloc      33%          7%          4

Your spell library contained the following spells:

 Spells                   Type           Power        Failure   Level
 Dazzling Flash           Conj/Hex       66%          2%          3


Dungeon Overview and Level Annotations

Branches:
Dungeon (9/15)             Temple (1/1) D:6             Orc (0/2) D:9
  Sewer (visited)
   Lair: D:8-11

Altars:
Ashenzari
Cheibriados
Dithmenos
Elyvilon
Fedhas
Gozag
Hepliaklqana
Kikubaaqudgha
Nemelex Xobeh
Okawaru
Qazlal
Ru
Sif Muna
Trog
Uskayaw
Wu Jian
Xom
Yredelemnul
Zin
The Shining One


Innate Abilities, Weirdness & Mutations

You can breathe waves of freezing cold.
You can buffet flying creatures when you breathe cold.
Your icy white scales are hard. (AC +7)
You cannot fit into any form of body armour.
Your flesh is cold resistant. (rC+)
You are cold-blooded and may be slowed by cold attacks.


Message History

Unknown command.
The phantom blinks!
The phantom blinks!
Found 19 gold pieces.
The phantom hits you but does no damage.
Found a basalt altar of Yredelemnul.
The phantom hits you but does no damage.
The phantom blinks!
The phantom hits you.
* * * LOW HITPOINT WARNING * * *
The phantom blinks!
Found a murky silvery potion.
An orc comes into view. It is wielding a +0 war axe.
The orc moves out of view.
Found a scroll of identify. 2 orcs come into view.
The orc shouts! x2; You hear a shout!
There is a stone staircase leading up here.
The two-headed ogre hits you with a +0 giant spiked club!!
You die...

........##+##....#
##......#?..#....#
.#......'...#....# #
.#.!....#...#....# .#
.#......#...#....#####.#
.#......#####..........#
.#.....o..oo...........#
.#....#######..........#
.#....#.....#..O@......#
##....#.....#..........#
......#.....#..........#
.oo...#.....#..........#
.o....'..####..........#
......####............##
......................#
.######################
.#


You could see a two-headed ogre and 2 orcs.

Vanquished Creatures
  A queen ant (D:7)
  A two-headed ogre (D:9)
  6 soldier ants
  7 orc warriors
  4 ice beasts
  2 sky beasts
  6 ogres
  2 centaurs
  2 big kobolds (Sewer)
  2 bullfrogs (D:8)
  A water moccasin zombie (D:9)
  5 scorpions
  2 centaur zombies
  6 hounds
  5 orc priests
  A quasit (D:7)
  3 orc wizards
  2 bullfrog skeletons
  A centaur skeleton (D:4)
  4 iguanas
  Crazy Yiuf (D:2)
  22 worker ants
  A hound zombie (D:7)
  A hound skeleton (D:5)
  7 adders
  4 river rats
  3 shadow imps
  4 ufetubi
  5 oozes
  An adder skeleton (D:8)
  An adder zombie (D:6)
  6 worms
  A dart slug (D:2)
  7 leopard geckos
  27 orcs
  3 ball pythons
  7 giant cockroaches
  5 goblins
  8 hobgoblins
  9 jackals
  10 kobolds
  3 quokkas
  6 bats
  4 frilled lizards
  A leopard gecko skeleton (D:5)
  A leopard gecko zombie (D:3)
  9 rats
220 creatures vanquished.

Vanquished Creatures (others)
  8 fulminant prisms
8 creatures vanquished.

Grand Total: 228 creatures vanquished

Notes
Turn   | Place    | Note
-------+----------+-------------------------------------------
     0 | D:1      | Zeld the Draconian Conjurer began the quest for the Orb.
     0 | D:1      | Reached XP level 1. HP: 14/14 MP: 3/3
   582 | D:1      | Reached XP level 2. HP: 22/22 MP: 3/5
   615 | D:1      | Learned a level 2 spell: Searing Ray
  1709 | D:2      | Found a runed translucent door.
  1710 | D:2      | Noticed Crazy Yiuf
  1758 | D:2      | Reached skill level 1 in Fighting
  1758 | D:2      | Reached XP level 3. HP: 19/28 MP: 0/6
  2272 | D:2      | Found a bloodstained altar of Trog.
  2444 | D:2      | Found an ornate altar of the Wu Jian Council.
  3074 | D:2      | Killed Crazy Yiuf
  3075 | D:2      | Reached XP level 4. HP: 9/35 MP: 1/8
  3087 | D:2      | Learned a level 4 spell: Fulminant Prism
  3646 | D:3      | Noticed a sky beast
  3668 | D:3      | Killed a sky beast
  3669 | D:3      | Reached XP level 5. HP: 5/41 MP: 1/10
  4100 | D:3      | Reached skill level 5 in Conjurations
  4277 | D:3      | Found a faded altar of an unknown god.
  4286 | D:3      | Reached skill level 1 in Hexes
  4737 | D:4      | Found a sacrificial altar of Ru.
  4768 | D:4      | Reached XP level 6. HP: 21/48 MP: 2/11
  4773 | D:4      | Learned a level 4 spell: Iskenderun's Mystic Blast
  5491 | D:5      | Entered Level 5 of the Dungeon
  5610 | D:5      | Reached skill level 1 in Translocations
  5750 | D:5      | Your scales start taking on an icy white colour.
  5750 | D:5      | Reached XP level 7. HP: 54/56 MP: 5/12
  5750 | D:5      | Gained mutation: Your flesh is cold resistant. (rC+) [White
                  | Draconian growth]
  5827 | D:5      | Got a clouded marble ring
  5872 | D:5      | Found a glowing drain.
  5899 | Sewer    | Entered a sewer
  7052 | D:5      | Identified the ring "Sohemaop" {rC+ rCorr} (You found it on
                  | level 5 of the Dungeon)
  7513 | D:5      | Reached skill level 6 in Conjurations
  7844 | D:6      | Found a snail-covered altar of Cheibriados.
  7908 | D:6      | Found a staircase to the Ecumenical Temple.
  7912 | Temple   | Entered the Ecumenical Temple
  7978 | Temple   | Became a worshipper of Sif Muna the Loreminder
  8319 | D:6      | Reached XP level 8. HP: 63/63 MP: 9/15
  9010 | D:6      | Reached skill level 5 in Spellcasting
  9794 | D:7      | Found an opulent altar of Gozag.
  9795 | D:7      | Found a hazy altar of Hepliaklqana.
  9875 | D:7      | Reached skill level 1 in Invocations
 10809 | D:7      | Found an ancient bone altar of Kikubaaqudgha.
 10827 | D:7      | Reached XP level 9. HP: 71/71 MP: 10/17
 11026 | D:7      | Found a white marble altar of Elyvilon.
 11309 | D:8      | Reached skill level 7 in Conjurations
 11434 | D:8      | Found a glowing silver altar of Zin.
 11470 | D:8      | Reached * piety under Sif Muna
 12842 | D:8      | Found a glowing golden altar of the Shining One.
 13225 | D:8      | Noticed a queen ant
 13882 | D:7      | Killed a queen ant
 13883 | D:7      | Reached skill level 5 in Fighting
 13883 | D:7      | Reached skill level 1 in Shields
 13883 | D:7      | Reached XP level 10. HP: 26/81 MP: 6/19
 14234 | D:8      | Reached ** piety under Sif Muna
 14572 | D:8      | Reached skill level 5 in Stealth
 14924 | D:9      | Noticed a two-headed ogre
 14934 | D:9      | Killed a two-headed ogre
 14935 | D:9      | Reached skill level 8 in Conjurations
 14935 | D:9      | Reached skill level 5 in Invocations
 15246 | D:9      | Found a staircase to the Orcish Mines.
 15821 | D:9      | Noticed a two-headed ogre
 15849 | D:9      | Found a basalt altar of Yredelemnul.
 15888 | D:9      | Slain by a two-headed ogre

Illustrated notes

Levels and vault maps discovered:
D:1:      dpeg_arrival_tiny_a, layout_basic
D:2:      layout_loops_corners, lemuel_round_altar, lightli_temple_of_fire,
          uniq_crazy_yiuf_cottage
D:3:      layout_rooms, chequers_ecumenical_altar_island
D:4:      layout_rooms, nicolae_ru_sacrificial_ziggurat
D:5:      layout_rooms, portal_sewer_entry_a
D:6:      layout_layer_cave, nicolae_overflow_crystal_walls, temple_hall_moat
D:7:      layout_loops_cross, general_overflow_altar, kennysheep_mini_moat,
          lemuel_crystal_altar, lemuel_round_altar
D:8:      layout_basic, nicolae_tso_swordbearing_angel, basic_altar,
          grunt_ministairs_8, zaba_antful_of_joy
D:9:      layout_irregular_city, grunt_temple_overflow_lords_of_destruction,
          lemuel_crystal_altar, zin_scriptorium, david_orc_1_choice, hex_medium
Temple:   jpeg_temple_island

Skill      XL: |  1  2  3  4  5  6  7  8  9 10 |
---------------+-------------------------------+-----
Stealth        | 2 3 4 5 |  5.0
Dodging        | 2 3 4 |  4.8
Fighting       | 1 2 3 4 5 |  5.4
Spellcasting   | 3 4 5 6 |  6.9
Conjurations   | 5 6 7 8 |  8.2
Hexes          | 1 2 3 4 |  4.1
Translocations | 1 2 3 4 |  4.2
Invocations    | 2 4 5 |  5.4
Shields        | 1 2 |  2.7

Action                   |  1- 3 |  4- 6 |  7- 9 | 10-12 || total
-------------------------+-------+-------+-------+-------++-------
Melee: Unarmed           |    36 |    32 |    49 |       ||   117
       Tailslap          |     3 |     1 |     4 |       ||     8
 Cast: Magic Dart        |    78 |    91 |   169 |       ||   338
       Searing Ray       |     7 |     8 |    55 |    28 ||    98
       Fulminant Prism   |       |       |     6 |     2 ||     8
       Iskenderun's Myst |       |       |     4 |     8 ||    12
 Abil: Breathe Frost     |       |       |     7 |     2 ||     9
Evoke: Wand              |       |       |     3 |       ||     3
  Use: Scroll            |       |     6 |    11 |       ||    17
       Potion            |       |       |     2 |     1 ||     3
Armor: Skin              |    44 |    47 |   133 |    13 ||   237
Dodge: Dodged            |    75 |    70 |   207 |    42 ||   394
